 Dungeon Crawl Stone Soup version 0.31-a0-797-g356b232 (webtiles) character file.

Game seed: 6096409082738311692

1843559 BarneyGumball the Merry Ant (level 27, 207/214 (217) HPs)
             Began as a Formicid Hexslinger on Sept 18, 2023.
             Was a High Priest of Hepliaklqana.
             Escaped with the Orb
             ... and 3 runes!
             The game lasted 06:00:23 (55313 turns).

BarneyGumball the Merry Ant (Formicid Hexslinger)  Turns: 55313, Time: 06:00:23

HP:   207/214 (217) AC: 16    Str: 19    XL:     27
MP:   30/30         EV: 30    Int: 10    God:    Hepliaklqana [*****.]
Gold: 2628          SH: 23    Dex: 26    Spells: 22/28 levels left

rFire   + + .        T - +9 triple crossbow (flame)
rCold   + . .        b - +2 shield of Resistance {rF++ rC++ Will++}
rNeg    + . .        q - +1 leather armour "Otit" {rElec rCorr Int-5}
rPois   +            (helmet unavailable)
rElec   +            w - +2 cloak {Stlth+}
rCorr   +            n - +0 pair of gloves "Upawoh" {-Tele rPois Str+4}
SInv    +            V - +2 pair of boots {Fly}
Will    ++++.        k - amulet of reflection
Stlth   ++           Z - +4 ring of protection
HPRegen 0.55/turn    f - ring of positive energy
MPRegen 0.22/turn

%: reflection
@: flying, studying 3 skills, lightly drained
A: reduced essence, permanent stasis, dig shafts and tunnels, antennae 3, four
strong arms, deformed body, screaming 1, electricity resistance, no potion heal
1, cold vulnerability 1
0: Orb of Zot
}: 3/15 runes: serpentine, barnacled, abyssal
a: Dig, Shaft Self, Renounce Religion, Recall Ancestor, Ancestor Identity,
Transference, Idealise


You escaped.
You worshipped Hepliaklqana.
Hepliaklqana was extremely pleased with you.
You visited 10 branches of the dungeon, and saw 47 of its levels.
You visited the Abyss 2 times.
You visited 1 bazaar.

You collected 6306 gold pieces.
You spent 3678 gold pieces at shops.

Inventory:

Hand Weapons
 I - the +7 longbow of the Gibberer {elec, rPois rF- rN+ Int+4}
   (You acquired it on level 4 of the Lair of Beasts)

   Int+4:     It affects your intelligence (+4).
   rF-:       It makes you vulnerable to fire.
   rPois:     It protects you from poison rN+: It protects you from negative
   energy.
 T - a +9 triple crossbow of flaming (weapon)
Armour
 b - the +2 shield of Resistance (worn) {rF++ rC++ Will++}
   (You bought it in a shop on level 3 of the Snake Pit)

   rF++:      It greatly protects you from fire.
   rC++:      It greatly protects you from cold.
   Will++:    It greatly increases your willpower.
 n - the +0 pair of gloves "Upawoh" (worn) {-Tele rPois Str+4}
   (You found it on level 2 of the Dungeon)

   Str+4:     It affects your strength (+4).
   rPois:     It protects you from poison -Tele: It prevents most forms of
   teleportation.
 q - the +1 leather armour "Otit" (worn) {rElec rCorr Int-5}
   (You found it on level 1 of the Snake Pit)

   Int-5:     It affects your intelligence (-5).
   rElec:     It insulates you from electricity.
   rCorr:     It protects you from acid and corrosion.
 w - a +2 cloak of stealth (worn)
 V - a +2 pair of boots of flying (worn)
Jewellery
 f - a ring of positive energy (right hand)
 k - an amulet of reflection (around neck)
 l - a ring of protection from cold
 o - a +5 ring of evasion
 A - a ring of fire
 R - a +6 ring of dexterity
 S - a ring of resist corrosion
 Z - a +4 ring of protection (left hand)
Wands
 c - a wand of flame (86)
 e - a wand of quicksilver (26)
 v - a wand of roots (61)
 x - a wand of paralysis (63)
 B - a wand of polymorph (26)
 F - a wand of digging (14)
 O - a wand of mindburst (39)
Scrolls
 g - a scroll of immolation
 r - 4 scrolls of fog
 u - 4 scrolls of fear
 y - 2 scrolls of silence
 z - 6 scrolls of amnesia
 C - 3 scrolls of revelation
 E - a scroll of brand weapon
 J - 4 scrolls of enchant weapon
 K - 9 scrolls of vulnerability
 L - 5 scrolls of poison
 N - 4 scrolls of torment
 W - 5 scrolls of enchant armour
Potions
 j - a potion of mutation
 m - a potion of attraction
 p - 9 potions of might
 s - 21 potions of curing
 D - 8 potions of enlightenment
 G - 5 potions of lignification
 H - a potion of magic
 M - 7 potions of brilliance
 Q - 2 potions of resistance
Miscellaneous
 a - a box of beasts
 d - a phial of floods
 h - a lightning rod (4/4)
 t - a phantom mirror
 P - a condenser vane


   Skills:
 + Level 25.4 Fighting
 O Level 27 Ranged Weapons
 - Level 10.0 Armour
 + Level 19.7 Dodging
 - Level 4.0 Stealth
 - Level 16.0 Shields
 - Level 1.1 Spellcasting
 - Level 3.6 Hexes
 - Level 11.0 Translocations
 - Level 4.0 Transmutations
 - Level 1.0 Fire Magic
 - Level 4.0 Earth Magic
 - Level 10.0 Invocations
 - Level 10.0 Evocations


You had 22 spell levels left.
You knew the following spells:

 Your Spells              Type           Power      Damage    Failure   Level
a - Passwall              Tmut/Erth      6%         N/A       17%         2
b - Passage of Golubria   Tloc           22%        N/A       6%          4

Your spell library contained the following spells:

 Spells                   Type           Power      Damage    Failure   Level
 Apportation              Tloc           44%        N/A       1%          1
 Lesser Beckoning         Tloc           44%        N/A       1%          2
 Gell's Gravitas          Tloc           22%        N/A       1%          3
 Teleport Other           Tloc           22%        N/A       1%          3
 Momentum Strike          Conj/Tloc      22%        3d8       10%         2
 Sandblast                Erth           16%        2d6       12%         1
 Volatile Blastmotes      Fire/Tloc      24%        2d12      16%         3
 Jinxbite                 Hex            14%        N/A       21%         2
 Sting                    Tmut/Pois      16%        1d3       26%         1
 Dimensional Bullseye     Hex/Tloc       7%         N/A       28%         4
 Sigil of Binding         Hex            7%         N/A       38%         3
 Tukima's Dance           Hex            7%         N/A       38%         3
 Foxfire                  Conj/Fire      4%         2x1d4     43%         1
 Freeze                   Ice            0%         1d3       52%         1
 Kiss of Death            Conj/Necr      0%         2d5       52%         1
 Magic Dart               Conj           0%         1d3       52%         1
 Necrotise                Necr           0%         1d4       52%         1
 Shock                    Conj/Air       0%         1d3       52%         1
 Summon Small Mammal      Summ           0%         N/A       52%         1
 Iskenderun's Mystic Bla  Conj/Tloc      11%        2d4       52%         4
 Inner Flame              Hex/Fire       5%         N/A       56%         3
 Stone Arrow              Conj/Erth      8%         3d7       61%         3
 Dazzling Flash           Conj/Hex       8%         N/A       63%         3
 Call Imp                 Summ           0%         N/A       65%         2
 Cigotuvi's Dreadful Rot  Necr/Pois/Air  0%         N/A       65%         2
 Poisonous Vapours        Pois/Air       0%         N/A       65%         2
 Static Discharge         Conj/Air       0%         2-2/arc   65%         2
 Sublimation of Blood     Necr           0%         N/A       65%         2
 Ignite Poison            Fire/Tmut/Pois 3%         N/A       65%         3
 Dispersal                Tloc           11%        N/A       69%         6
 Petrify                  Tmut/Erth      8%         N/A       75%         4
 Cause Fear               Hex            3%         N/A       80%         4
 Summon Forest            Summ/Tloc      5%         N/A       86%         5
 Hailstorm                Conj/Ice       0%         3d3       87%         3
 Mephitic Cloud           Conj/Pois/Air  0%         N/A       87%         3
 Ozocubu's Armour         Ice            0%         N/A       87%         3
 Vampiric Draining        Necr           0%         2d6       87%         3
 Brom's Barrelling Bould  Conj/Erth      4%         2d3       95%         4
 Airstrike                Air            0%         2d(0-16)  99%         4
 Animate Dead             Necr           0%         N/A       99%         4
 Flame Wave               Conj/Fire      1%         2d4       99%         4
 Sticky Flame             Conj/Fire      1%         2d3       99%         4
 Summon Lightning Spire   Summ/Air       0%         N/A       99%         4
 Agony                    Necr           0%         N/A       100%        5
 Alistair's Intoxication  Tmut/Pois      2%         N/A       100%        5
 Arcjolt                  Conj/Air       0%         1d10      100%        5
 Freezing Cloud           Conj/Ice/Air   0%         6-21      100%        5
 Irradiate                Conj/Tmut      2%         3d12      100%        5
 Metabolic Englaciation   Hex/Ice        2%         N/A       100%        5
 Silence                  Hex/Air        2%         N/A       100%        5
 Summon Mana Viper        Hex/Summ       4%         N/A       100%        5
 Eringya's Noxious Bog    Tmut/Pois      2%         4d6       100%        6
 Plasma Beam              Fire/Air       0%         2x1d10    100%        6
 Simulacrum               Ice/Necr       0%         N/A       100%        6
 Starburst                Conj/Fire      0%         6d3       100%        6
 Summon Cactus Giant      Summ           0%         N/A       100%        6
 Haunt                    Necr/Summ      0%         N/A       100%        7
 Ozocubu's Refrigeration  Ice            0%         4d7       100%        7
 Summon Hydra             Summ           0%         N/A       100%        7
 Borgnjor's Revivificati  Necr           0%         N/A       100%        8
 Infestation              Necr           0%         N/A       100%        8
 Lehudib's Crystal Spear  Conj/Erth      2%         10d2      100%        8
 Maxwell's Capacitive Co  Air            0%         ∞         100%        8
 Death's Door             Necr           0%         N/A       100%        9
 Fire Storm               Conj/Fire      0%         6d1       100%        9
 Polar Vortex             Ice            0%         N/A       100%        9
 Blink                    Tloc           Unusable   N/A       N/A         2
 Vhi's Electric Charge    Tloc/Air       Unusable   N/A       N/A         4
 Swiftness                Air            Unusable   N/A       N/A         3

Dungeon Overview and Level Annotations

Branches:
Dungeon (15/15)            Temple (1/1) D:5            Lair (5/5) D:9
 Shoals (4/4) Lair:2        Snake (4/4) Lair:2        Slime (0/5) Lair:5
    Orc (2/2) D:9             Elf (3/3) Orc:2        Vaults (4/5) D:14
  Crypt (0/3) Vaults:3     Depths (4/4) D:15            Zot (5/5) Depths:4

Altars:
Ashenzari
Cheibriados
Dithmenos
Elyvilon
Fedhas
Gozag
Hepliaklqana
Kikubaaqudgha
Makhleb
Nemelex Xobeh
Okawaru
Qazlal
Ru
Sif Muna
Trog
Uskayaw
Vehumet
Wu Jian
Xom
Yredelemnul
Zin
Lugonu

Shops:
D:3 !   D:4 :   Orc:2 [(?![   Elf:1 **:   Elf:2 ?   Elf:3 *   Shoals:3 (!(*
Snake:3 [   Snake:4 *(=?   Vaults:1 [   Zot:4 **   Depths:3 *   Depths:4 *

Portals:
Hell: Depths:1 Depths:2 Depths:3 Depths:4
Abyss: Shoals:3 Depths:3
Pandemonium: Depths:1 Depths:2 Depths:3
Ziggurat: Depths:1

Annotations:
D:5 Prince Ribbit
D:6 exclusion: steam dragon
D:10 3 runed translucent doors, exclusion: 3 doors, arghonaut's ghost, journeyman DjCj
Lair:5 3 runed translucent doors, exclusion: 3 doors, Hug's ghost, journeyman TrSh; cpf86's ghost, journeyman DsSh; fbwer's ghost, journeyman FeSh; steven32's ghost, journeyman GnHs
Shoals:1 1 runed translucent door, Donald; Utiniton's ghost, adept SpHu
Snake:3 2 transporters, exclusion: orange crystal statue
Elf:2 1 runed translucent door, exclusion: door
Zot:1 2 transporters, Plog's ghost, legendary FoHu
Zot:3 Tiamat
Zot:4 3 runed translucent doors, exclusions: 3 doors and obsidian statue, BarneyGumball's ghost, veteran MfGl


Innate Abilities, Weirdness & Mutations

Your life essence is reduced to manifest your ancestor. (-10% HP)
You cannot be hasted, slowed, berserked, paralysed or teleported.
You can dig through walls and to a lower floor.
You have a pair of large antennae on your head. (SInv)
Your four strong arms can wield two-handed weapons with a shield.
Armour fits poorly on your strangely shaped body.
You occasionally shout uncontrollably at your foes.
You are resistant to electric shocks. (rElec)
Potions are less effective at restoring your health.
You are vulnerable to cold. (rC-)


Message History

The bolt burns the profane servitor!
The profane servitor is severely damaged.
The profane servitor hits you with a +2 whip!
The profane servitor draws strength from your injuries!
The profane servitor hits you with a +2 whip!
You partially resist.
You feel drained.
FkinSlave hits the profane servitor with a +0 broad axe of speed!!
You block the profane servitor's attack.
The profane servitor closely misses you.
You shoot a bolt. The bolt misses the profane servitor.
FkinSlave barely misses the profane servitor.
You block the profane servitor's attack.
The profane servitor completely misses you.
You shoot a bolt.
The bolt completely misses the profane servitor.
FkinSlave completely misses the profane servitor.
You block the profane servitor's attack.
The profane servitor hits you but does no damage.
FkinSlave hits the profane servitor with a +0 broad axe of speed!
The profane servitor barely misses you.
The profane servitor hits you with a +2 whip.
You partially resist.
You feel drained.
You shoot a bolt. The bolt hits the profane servitor.
The bolt burns the profane servitor.
The profane servitor is almost destroyed.
FkinSlave loses the glow of perfection.
FkinSlave hits the profane servitor with a +0 broad axe of speed.
You block the profane servitor's attack. x2
FkinSlave hits the profane servitor with a +0 broad axe of speed.
The profane servitor hits you with a +2 whip.
The profane servitor draws strength from your injuries!
The profane servitor hits you with a +2 whip.
You shoot a bolt. The bolt hits the profane servitor.
The bolt burns the profane servitor.
You destroy the profane servitor!
FkinSlave is no longer moving quickly.
You see here 5 stones.
There is an open door here.
There is a staircase leading out of the dungeon here.
You have escaped!

#.# #.# #####.# #..
###.....# ##.
#..(.(..# #.
########.......# #.
#.....'........# #.
#..#..##.......####.
#..#R.#####'##......
#..@..##.....#######
#.....##..8..#
########.....#
#######


You could see the friendly FkinSlave the knight (reflecting).

Vanquished Creatures
  3 ancient liches
  4 orbs of fire
  A pandemonium lord (D:3)
  A juggernaut (Depths:4)
  Mennas (Depths:3)
  5 Killer Klowns
  4 curse toes
  Nikola (Shoals:1)
  A profane servitor (D:1)
  3 golden dragons
  2 Brimstone Fiends
  A Tzitzimitl (D:6)
  An electric golem (Zot:5)
  18 tentacled monstrosities
  Mlioglotl (Snake:4)
  15 Orb Guardians
  3 liches
  A deep elf blademaster (Elf:3)
  5 quicksilver dragons
  A titan (Vaults:4)
  3 Executioners
  A walking earthen tome (Depths:2)
  A deep elf master archer (Elf:3)
  Kirke (D:14)
  9 death cobs
  A kraken (Abyss:4)
  3 tentacled starspawn (Abyss:3)
  6 storm dragons
  Aizul (Snake:1)
  4 draconian monks
  5 shadow dragons
  2 tengu reavers
  5 draconian knights
  6 fire giants
  4 nagarajas (Snake:4)
  4 deep elf sorcerers
  An iron dragon (Depths:2)
  2 daevas
  2 ghost moths
  6 frost giants
  4 vault wardens
  5 draconian scorchers
  2 deep elf elementalists (Elf:3)
  4 draconian stormcallers
  7 draconian shifters
  11 ironbound preservers
  3 stone giants
  2 formless jellyfish (Vaults:4)
  8 very ugly things
  6 draconian annihilators
  An orc warlord (Vaults:2)
  2 war gargoyles (Depths:3)
  3 deep elf demonologists (Elf:3)
  13 black draconians
  3 vampire knights
  8 green draconians
  7 dire elephants
  5 starcursed masses (Abyss:3)
  4 deep elf annihilators
  11 yellow draconians
  7 ironbound thunderhulks
  12 white draconians
  13 purple draconians
  4 deep elf death magi (Elf:3)
  9 red draconians
  4 merfolk javelineers (Shoals:4)
  7 spark wasps
  A green death (Zot:1)
  3 crystal guardians
  An eidolon (Abyss:3)
  7 ettins
  A blizzard demon (D:8)
  9 yaktaur captains
  4 entropy weavers
  4 merfolk impalers
  2 jiangshi (Depths:2)
  A shambling mangrove (Abyss:4)
  3 hydras
  2 rakshasas (Depths:2)
  3 great orbs of eyes
  5 fire dragons
  2 ice dragons
  A spriggan zombie (Depths:2)
  A salamander tyrant (Snake:2)
  2 peacekeepers
  2 catoblepae
  2 merfolk avatars (Shoals:4)
  11 vault guards
  The ghost of Ylosifol the Marksspriggan, a journeyman SpHu of Dithmenos (D:12)
  A caustic shrike simulacrum (Abyss:3)
  10 ironbound frosthearts
  A ghost crab (Abyss:4)
  3 spriggan air magi
  2 centaur warriors (D:14)
  A spriggan skeleton (Depths:2)
  25 dancing weapons
  4 merfolk aquamancers
  14 anacondas
  A death knight (D:11)
  7 naga warriors
  5 boulder beetles
  9 deep troll shamans
  A demonic crawler (D:1)
  4 hell hogs
  3 deep troll earth magi
  5 shock serpents
  An orc high priest (Elf:1)
  7 tengu warriors
  A vampire mage (Vaults:3)
  A soul eater (Depths:3)
  11 naga sharpshooters
  A storm dragon zombie (Depths:2)
  2 salamander mystics
  19 deep elf knights
  7 spriggan berserkers
  A titan skeleton (Depths:2)
  A wretched star (Abyss:3)
  A sun demon (Abyss:4)
  7 skysharks
  A cherub (D:13)
  A sixfirhy (Depths:3)
  A fire crab (Abyss:4)
  2 spatial maelstroms (Abyss:3)
  30 deep trolls
  6 iron trolls
  15 sea snakes
  2 naga ritualists (Snake:2)
  12 deep elf archers
  4 glowing orange brains
  2 phantasmal warriors
  15 ironbound convokers
  A shadow dragon zombie (Depths:2)
  10 wizards
  An orange crystal statue (D:12)
  2 flayed ghosts
  7 lindwurms
  24 harpies
  3 necromancers
  17 deep elf zephyrmancers
  9 orc knights
  7 fauns
  5 mana vipers
  30 deep elf pyromancers
  9 manticores
  A wolf spider (D:11)
  7 orc sorcerers
  8 large abominations
  7 elephants
  A worldbinder (Abyss:3)
  31 moths of wrath
  4 cyclopes
  23 ugly things
  5 merfolk sirens
  9 salamanders
  2 elephants (shapeshifter)
  19 black mambas
  10 vault sentinels
  6 water nymphs
  5 guardian serpents
  2 smoke demons (Abyss:3)
  2 apocalypse crabs
  A torpor snail (shapeshifter) (Depths:2)
  2 rust devils
  19 cane toads
  10 naga magi
  A torpor snail (Lair:4)
  An unseen horror (D:9)
  A kobold demonologist (D:13)
  A hellion (Abyss:3)
  21 yaktaurs
  5 gargoyles
  A rime drake (shapeshifter) (D:15)
  A freezing wraith (Abyss:3)
  An ice devil (Abyss:4)
  2 efreet
  2 tormentors
  2 rime drakes
  3 ancient zymes (Abyss:3)
  9 komodo dragons
  A red devil (Depths:1)
  2 polar bears
  4 trolls
  A meliai (D:14)
  2 wind drakes (Shoals:4)
  A tarantella (Vaults:2)
  2 hellwings
  15 merfolk
  A meliai (shapeshifter) (D:15)
  6 hornets
  2 raiju (Abyss:3)
  A tyrant leech (Lair:5)
  3 snapping turtles
  6 dream sheep
  14 blink frogs
  A flying skull (Abyss:3)
  A culicivora (Vaults:2)
  25 slime creatures
  3 ynoxinuls
  25 water elementals
  5 air elementals
  3 vampires (Vaults:3)
  A spriggan (shapeshifter) (Abyss:3)
  3 spriggans
  10 wraiths
  45 yaks
  2 hogs (D:14)
  Grum (D:8)
  5 wyverns
  A human (D:14)
  3 golden eyes (Abyss:3)
  5 basilisks
  2 fire elementals
  2 neqoxecs
  2 steam dragons
  6 chaos spawn
  6 vampire mosquitoes
  9 wargs
  7 spatial vortices (Abyss:3)
  17 nagas
  9 water moccasins
  2 acid dragons
  3 ice beasts
  A sky beast (D:7)
  A black bear (Lair:4)
  17 orc warriors
  A glowing shapeshifter skeleton (Depths:2)
  4 ogres
  8 boggarts
  13 wolves
  11 centaurs
  3 kobold brigands
  Blork the orc (D:6)
  13 bullfrogs
  2 gnoll sergeants (D:9)
  2 scorpions
  5 earth elementals
  2 wights
  6 small abominations
  12 killer bees
  A howler monkey (D:8)
  13 electric eels
  A hound (D:6)
  3 jellies
  7 orc priests
  An iron imp (Abyss:3)
  2 iguanas (D:6)
  A sleepcap (D:6)
  33 orc wizards
  4 hell rats
  5 gnolls
  10 adders
  A shadow imp (D:7)
  2 worms
  2 dart slugs (D:1)
  62 orcs
  8 bats
  6 endoplasms
  2 giant cockroaches (D:3)
  13 goblins
  5 hobgoblins
  2 quokkas
  14 ball pythons
  3 frilled lizards
  11 kobolds
  A rat (D:1)
  A lurking horror (Shoals:3)
  2 starspawn tentacles (Abyss:3)
  A tentacle (Abyss:4)
1553 creatures vanquished.

Vanquished Creatures (collateral kills)
  A dread lich (Zot:5)
  An ancient lich (Zot:5)
  An orb of fire (Zot:5)
  2 Killer Klowns (Zot:5)
  4 golden dragons
  A bone dragon (Depths:4)
  An electric golem (Zot:5)
  A lich (Abyss:3)
  A Hell Sentinel (D:1)
  3 tentacled monstrosities
  A walking divine tome (Depths:2)
  A titan (Depths:2)
  A deep elf master archer (Elf:3)
  13 Orb Guardians
  A deep elf blademaster (Elf:3)
  A quicksilver dragon (Zot:5)
  A sphinx (Vaults:1)
  Gastronok (Lair:3)
  2 death cobs
  4 shadow dragons
  2 storm dragons
  3 draconian monks
  A revenant (Abyss:3)
  A nagaraja (Snake:4)
  2 fire giants
  A deep elf sorcerer (Elf:3)
  A draconian knight (Zot:3)
  2 frost giants
  5 vault wardens
  3 draconian scorchers
  2 draconian shifters (Zot:3)
  2 draconian stormcallers
  2 draconian annihilators
  2 orc warlords (Vaults:1)
  4 ironbound preservers
  2 stone giants (Depths:3)
  2 vampire knights
  A deep elf demonologist (Elf:3)
  6 red draconians
  Nessos (D:14)
  3 dire elephants
  3 green draconians
  3 white draconians
  7 purple draconians
  6 yellow draconians
  A crystal guardian (Vaults:1)
  3 deep elf death magi (Elf:3)
  Josephine (D:13)
  A blizzard demon (Depths:1)
  3 merfolk javelineers (Shoals:4)
  A fire dragon (Depths:3)
  An entropy weaver (Abyss:3)
  A yaktaur captain (Vaults:1)
  2 merfolk impalers
  A green death (Abyss:3)
  2 ice dragons
  A great orb of eyes (Vaults:2)
  3 vault guards
  2 hydras
  An ogre mage (D:14)
  2 centaur warriors
  2 ironbound frosthearts
  2 catoblepae
  An anaconda (Snake:4)
  2 spriggan air magi
  4 merfolk aquamancers (Shoals:4)
  2 deep troll shamans (Depths:1)
  A boulder beetle (D:9)
  3 two-headed ogres
  A tengu warrior (D:15)
  2 orc high priests (Orc:2)
  3 deep troll earth magi (Depths:4)
  3 naga warriors
  3 deep elf knights
  2 naga sharpshooters
  2 vampire magi (Depths:2)
  2 wretched stars (Abyss:3)
  2 iron trolls
  A titan skeleton (Depths:2)
  2 salamander mystics (Snake:4)
  3 sea snakes
  A swamp dragon (Abyss:3)
  16 deep trolls
  2 deep elf archers
  2 flayed ghosts
  3 ironbound convokers
  4 deep elf zephyrmancers
  2 harpies (Shoals:1)
  2 lindwurms
  A phantasmal warrior (Depths:1)
  14 ugly things
  6 orc knights
  A wizard (D:9)
  4 deep elf pyromancers
  3 orc sorcerers
  2 fauns (Shoals:1)
  2 mana vipers (Snake:1)
  A moth of wrath (Zot:2)
  A fire giant zombie (Depths:2)
  4 elephants
  A frost giant skeleton (Depths:2)
  11 black mambas
  2 guardian serpents (Snake:4)
  4 cane toads
  2 naga magi
  4 vault sentinels
  A gargoyle (Depths:3)
  A kobold demonologist (D:7)
  A freezing wraith (Vaults:3)
  3 komodo dragons
  7 yaktaurs
  A rime drake (Lair:2)
  A red devil (Depths:1)
  7 merfolk
  A wind drake (Shoals:4)
  2 polar bears
  A tyrant leech (Lair:5)
  2 trolls
  A dream sheep (Lair:5)
  A blink frog (Lair:4)
  A large abomination (Abyss:4)
  A snapping turtle (Shoals:3)
  7 slime creatures
  A shadow (D:12)
  2 air elementals
  A spriggan (Depths:1)
  7 water elementals
  A vampire (D:11)
  2 wraiths (D:11)
  A basilisk (D:14)
  15 yaks
  A golden eye (Abyss:3)
  A hog (D:14)
  4 vampire mosquitoes
  A chaos spawn (D:3)
  4 wargs
  A small abomination (Abyss:3)
  10 nagas
  2 spatial vortices (Abyss:3)
  10 water moccasins
  2 orc warriors
  2 centaurs
  3 starcursed masses (Abyss:3)
  An ogre (Orc:2)
  4 wolves
  4 boggarts
  A kobold brigand (D:7)
  5 bullfrogs
  A gnoll sergeant (D:11)
  An earth elemental (Depths:3)
  3 wights (D:7)
  4 killer bees
  An electric eel (D:14)
  4 orc priests
  A gnoll bouda (D:6)
  A hound (D:6)
  6 orc wizards
  A gnoll (D:9)
  15 orcs
  A frilled lizard (D:3)
  3 kobolds
  4 butterflies (Lair:2)
444 creatures vanquished.

Vanquished Creatures (others)
  A stone giant (Depths:2)
  A red draconian (Zot:2)
  2 yaktaur captains
  A naga sharpshooter (Snake:4)
  A harpy (Shoals:4)
  2 fauns (Shoals:1)
  4 yaktaurs
  2 water elementals (Shoals:4)
  An orc warrior (Depths:1)
  A small abomination (Abyss:3)
  A jelly (Abyss:3)
  24 knights
  4 ancestors
  An orc (Orc:2)
  2 starspawn tentacles (Abyss:3)
  4 tentacles (Abyss:4)
52 creatures vanquished.

Grand Total: 2049 creatures vanquished

Notes
Turn   | Place    | Note
-------+----------+-------------------------------------------
     0 | D:1      | BarneyGumball the Formicid Hexslinger began the quest for
                  | the Orb.
     0 | D:1      | Reached XP level 1. HP: 15/15 MP: 2/2
   110 | D:1      | Reached skill level 1 in Stealth
   136 | D:1      | Reached XP level 2. HP: 21/21 MP: 3/3
   394 | D:1      | Reached XP level 3. HP: 26/26 MP: 4/4
   746 | D:2      | Reached skill level 3 in Ranged Weapons
   747 | D:2      | Identified the +0 pair of gloves "Upawoh" {-Tele rPois
                  | Str+4}
   785 | D:2      | Reached XP level 4. HP: 29/32 MP: 5/5
  1365 | D:3      | Noticed a scorpion
  1552 | D:3      | Found Yttuagej's Distillery.
  1557 | D:3      | Bought a potion of curing for 36 gold pieces
  1557 | D:3      | Bought a potion of heal wounds for 60 gold pieces
  1557 | D:3      | Bought a potion of degeneration for 12 gold pieces
  1576 | D:3      | Reached XP level 5. HP: 37/37 MP: 6/6
  1700 | D:3      | Reached skill level 4 in Ranged Weapons
  1808 | D:3      | Found a burning altar of Makhleb.
  1933 | D:4      | Reached XP level 6. HP: 43/43 MP: 7/7
  2060 | D:4      | Found Ifimaunk's Tiny Tomes.
  2114 | D:4      | Reached skill level 5 in Ranged Weapons
  2625 | D:5      | Entered Level 5 of the Dungeon
  2635 | D:5      | Reached skill level 6 in Ranged Weapons
  2641 | D:5      | Found a staircase to the Ecumenical Temple.
  2648 | Temple   | Entered the Ecumenical Temple
  2658 | Temple   | Became a worshipper of Hepliaklqana the Forgotten
  2685 | D:5      | Reached XP level 7. HP: 48/48 MP: 8/8
  2712 | D:5      | Noticed Prince Ribbit
  2880 | D:5      | You fall into a shaft and drop 1 floor!
  2958 | D:6      | Noticed a steam dragon
  3316 | D:6      | Reached skill level 7 in Ranged Weapons
  3316 | D:6      | Reached * piety under Hepliaklqana
  3486 | D:6      | Found a broken altar of Ashenzari.
  3853 | D:6      | Reached XP level 8. HP: 48/48 MP: 9/9
  3970 | D:6      | Found a shadowy altar of Dithmenos.
  3970 | D:6      | Found a sacrificial altar of Ru.
  3991 | D:6      | Found a sparkling altar of Nemelex Xobeh.
  3994 | D:6      | Found an ancient bone altar of Kikubaaqudgha.
  3996 | D:6      | Found a radiant altar of Vehumet.
  4002 | D:6      | Found an iron altar of Okawaru.
  4029 | D:6      | Noticed Blork the orc
  4040 | D:6      | Killed Blork the orc
  4041 | D:6      | Reached skill level 8 in Ranged Weapons
  4556 | D:7      | Reached skill level 9 in Ranged Weapons
  4654 | D:7      | Reached ** piety under Hepliaklqana
  4655 | D:7      | Remembered your ancestor FkinSlave as a knight
  4867 | D:7      | Reached skill level 10 in Ranged Weapons
  5433 | D:8      | Noticed Grum
  5455 | D:8      | Reached XP level 9. HP: 48/53 MP: 7/10
  5530 | D:8      | Noticed a kobold demonologist
  5544 | D:7      | Noticed an ice devil
  5547 | D:7      | Killed a kobold demonologist
  5548 | D:7      | Reached skill level 11 in Ranged Weapons
  6130 | D:7      | Reached skill level 12 in Ranged Weapons
  6391 | D:7      | Reached XP level 10. HP: 49/58 MP: 7/11
  6424 | D:8      | Reached skill level 13 in Ranged Weapons
  6724 | D:8      | Killed Grum
  6865 | D:9      | Noticed an unseen horror
  6869 | D:9      | You fall into a shaft and drop 3 floors!
  7238 | D:12     | Reached skill level 14 in Ranged Weapons
  7356 | D:12     | Found a runed translucent door.
  7356 | D:12     | Noticed Ylosifol's ghost (journeyman SpHu)
  7442 | D:12     | Noticed a two-headed ogre
  7446 | D:12     | Killed a two-headed ogre
  7496 | D:12     | Reached skill level 15 in Ranged Weapons
  7550 | D:12     | Reached XP level 11. HP: 63/63 MP: 12/12
  7859 | D:11     | Reached skill level 16 in Ranged Weapons
  7930 | D:11     | Identified the +0 chain mail of the Lair of Beasts {rCorr}
  7978 | D:11     | Reached *** piety under Hepliaklqana
  8014 | D:11     | Reached skill level 1 in Armour
  8014 | D:11     | Reached skill level 1 in Invocations
  8014 | D:11     | Reached skill level 1 in Evocations
  8084 | D:11     | Noticed a wolf spider
  8093 | D:11     | Killed a wolf spider
  8198 | D:11     | Noticed a deep troll earth mage
  8478 | D:11     | Killed a deep troll earth mage
  8506 | D:10     | Entered Level 10 of the Dungeon
  8814 | D:10     | Noticed a salamander
  8902 | D:9      | Found a staircase to the Orcish Mines.
  9116 | D:10     | Found a bloodstained altar of Trog.
  9148 | D:10     | Found a shimmering blue altar of Sif Muna.
  9152 | D:10     | Got a clothbound book
  9212 | D:10     | Found a runed translucent gate.
  9213 | D:10     | Found a runed translucent gate.
  9214 | D:10     | Found a runed translucent gate.
  9215 | D:10     | Noticed arghonaut's ghost (journeyman DjCj)
  9349 | D:9      | Reached **** piety under Hepliaklqana
  9363 | D:9      | Reached XP level 12. HP: 75/75 MP: 15/15
  9374 | D:9      | Reached skill level 5 in Invocations
  9381 | D:9      | Reached skill level 5 in Fighting
  9401 | D:9      | Noticed a boulder beetle
  9570 | D:9      | Noticed a centaur warrior
  9579 | D:9      | Killed a centaur warrior
  9645 | D:9      | Found a glowing silver altar of Zin.
  9817 | D:9      | Noticed a two-headed ogre
  9831 | D:9      | Killed a two-headed ogre
 10065 | D:9      | Noticed a boulder beetle
 10088 | D:9      | Killed a boulder beetle
 10125 | D:9      | Found a shadowy altar of Dithmenos.
 10154 | D:9      | Killed a boulder beetle
 10300 | D:9      | Found a staircase to the Lair.
 10444 | Lair:1   | Entered Level 1 of the Lair of Beasts
 10527 | Lair:1   | Reached skill level 10 in Invocations
 10536 | Lair:1   | Noticed a seven-headed hydra
 10545 | Lair:1   | Killed a seven-headed hydra
 10591 | Lair:1   | Reached XP level 13. HP: 86/86 MP: 20/20
 10749 | Lair:1   | Reached skill level 5 in Armour
 10775 | Lair:1   | Reached skill level 5 in Dodging
 11462 | Lair:2   | Found a staircase to the Snake Pit.
 11572 | Lair:2   | Found a staircase to the Shoals.
 12695 | Lair:3   | Reached skill level 1 in Shields
 12781 | Lair:3   | Noticed Gastronok
 13086 | Lair:3   | Reached skill level 10 in Fighting
 13124 | Lair:3   | Reached ***** piety under Hepliaklqana
 13175 | Lair:3   | Reached XP level 14. HP: 99/99 MP: 21/21
 13582 | Lair:3   | Killed Gastronok
 13583 | Lair:3   | Reached skill level 5 in Shields
 13732 | Lair:4   | Identified a scroll of acquirement
 13741 | Lair:4   | Acquired the +7 longbow of the Gibberer {elec, rPois rF-
                  | rN+ Int+4}
 14607 | Lair:5   | Entered Level 5 of the Lair of Beasts
 14611 | Lair:5   | Reached skill level 17 in Ranged Weapons
 14656 | Lair:5   | Found a runed translucent gate.
 14656 | Lair:5   | Found a runed translucent gate.
 14656 | Lair:5   | Found a runed translucent gate.
 14657 | Lair:5   | Noticed fbwer's ghost (journeyman FeSh)
 14658 | Lair:5   | Noticed steven32's ghost (journeyman GnHs)
 14658 | Lair:5   | Noticed Hug's ghost (journeyman TrSh)
 14658 | Lair:5   | Noticed cpf86's ghost (journeyman DsSh)
 14822 | Lair:5   | Reached skill level 5 in Evocations
 15001 | Lair:5   | Found a staircase to the Slime Pits.
 15008 | Lair:5   | Reached XP level 15. HP: 108/108 MP: 22/22
 15190 | Lair:5   | Reached ****** piety under Hepliaklqana
 15896 | D:11     | Noticed a tengu reaver
 15907 | D:11     | Killed a tengu reaver
 16043 | D:11     | Got a strange book
 16165 | D:11     | Identified the +3 flail "Woevin" {pain, Will+}
 16451 | D:12     | Reached skill level 18 in Ranged Weapons
 17358 | D:14     | Noticed Kirke
 17635 | D:14     | Noticed Josephine
 17745 | D:14     | Noticed Nessos
 17800 | D:13     | Reached XP level 16. HP: 103/118 MP: 23/23
 17902 | D:14     | Identified the +0 leather armour of Nunte {*Corrode rElec
                  | rPois SInv}
 18190 | D:13     | Killed Josephine
 18347 | D:14     | Killed Kirke
 18369 | D:14     | Killed Nessos
 18654 | D:14     | Reached skill level 10 in Evocations
 18680 | Abyss:2  | Cast into level 2 of the Abyss (a wizard)
 18717 | D:14     | Escaped the Abyss
 18804 | D:14     | Found a gate to the Vaults.
 18882 | D:15     | Entered Level 15 of the Dungeon
 19254 | D:15     | Noticed a frost giant
 19258 | D:15     | Killed a frost giant
 19307 | D:15     | Reached skill level 15 in Fighting
 19430 | D:15     | Found a staircase to the Depths.
 19556 | D:15     | Found a stormy altar of Qazlal.
 19662 | Orc:1    | Entered Level 1 of the Orcish Mines
 20588 | Orc:2    | Entered Level 2 of the Orcish Mines
 20608 | Orc:2    | Found a staircase to the Elven Halls.
 20671 | Orc:2    | Found Kaux Giw's Magic Scroll Shop.
 20974 | Orc:2    | Reached skill level 10 in Shields
 20980 | Orc:2    | Found Gyiri's Armour Emporium.
 20980 | Orc:2    | Found Fakoanoa's Antique Weapon Shop.
 21061 | Orc:2    | Found Lympif's Distillery.
 21100 | Orc:2    | Found Gyefuob's Armour Shop.
 21111 | Orc:2    | Bought a +2 robe of resistance for 527 gold pieces
 21127 | Orc:2    | Bought a +1 pair of boots of flying for 231 gold pieces
 21136 | Orc:2    | Bought a potion of enlightenment for 85 gold pieces
 21136 | Orc:2    | Bought a potion of enlightenment for 85 gold pieces
 21136 | Orc:2    | Bought a potion of resistance for 170 gold pieces
 21158 | Orc:2    | Reached XP level 17. HP: 127/127 MP: 24/24
 21196 | Orc:2    | Bought a scroll of enchant weapon for 97 gold pieces
 21196 | Orc:2    | Bought a scroll of enchant armour for 97 gold pieces
 21670 | Snake:1  | Entered Level 1 of the Snake Pit
 21774 | Snake:1  | Reached skill level 1 in Earth Magic
 21809 | Snake:1  | Identified the +1 leather armour "Otit" {rElec rCorr Int-5}
 21850 | Snake:1  | Reached skill level 1 in Transmutations
 22095 | Snake:1  | Noticed Aizul
 22111 | Snake:1  | Killed Aizul
 22187 | Snake:1  | Learned a level 2 spell: Passwall
 23043 | Snake:2  | Reached skill level 10 in Dodging
 23743 | Snake:3  | Found an ornate altar of the Wu Jian Council.
 23803 | Snake:3  | Found Atreqa's Armour Boutique.
 23812 | Snake:3  | Bought the +2 shield of Resistance {rF++ rC++ Will++} for
                  | 1269 gold pieces
 23812 | Snake:3  | Found the +2 shield of Resistance {rF++ rC++ Will++}
 24054 | D:12     | Killed Ylosifol's ghost
 24504 | Snake:3  | Found a transporter.
 24669 | Snake:3  | Found the amulet of the Air {Inacc Air Fly rElec RMsl}
 24670 | Snake:3  | Found a transporter.
 25575 | Snake:4  | Entered Level 4 of the Snake Pit
 25640 | Snake:4  | Reached XP level 18. HP: 125/135 MP: 21/25
 25759 | Snake:4  | Identified the +0 quarterstaff "Uriun" {flame, rElec}
 26052 | Snake:4  | Found Esytykhlu's Weapon Boutique.
 26055 | Snake:4  | Found Emuotwea's Magic Scroll Boutique.
 26065 | Snake:4  | Found Roworgh's Assorted Antiques.
 26068 | Snake:4  | Found Kaoc's Jewellery Boutique.
 26270 | Snake:4  | Noticed Mlioglotl
 26284 | Snake:4  | Killed Mlioglotl
 26285 | Snake:4  | Reached skill level 19 in Ranged Weapons
 26536 | Snake:4  | Identified the +4 leather armour "Qatashat" {Int+2 Slay+5}
 26545 | Snake:4  | Got a serpentine rune of Zot
 26734 | Shoals:1 | Entered Level 1 of the Shoals
 26747 | Shoals:1 | Noticed Nikola
 26780 | Shoals:1 | Found a runed translucent door.
 26780 | Shoals:1 | Noticed Utiniton's ghost (adept SpHu)
 26934 | Shoals:1 | Reached skill level 20 in Ranged Weapons
 26966 | Shoals:1 | Noticed Donald
 27065 | Shoals:1 | Killed Nikola
 27066 | Shoals:1 | Reached skill level 15 in Shields
 27253 | Shoals:1 | Reached XP level 19. HP: 141/141 MP: 26/26
 27707 | Shoals:2 | Found a flickering gateway to a bazaar.
 27716 | Bazaar   | Entered a bazaar
 27716 | Bazaar   | Found Rearrufe's Antique Armour Boutique.
 27716 | Bazaar   | Found Hoarhi's Antique Armour Shop.
 27716 | Bazaar   | Found Vekag's Weapon Shop.
 27725 | Bazaar   | Bought a crude leather armour for 259 gold pieces
 27725 | Bazaar   | Identified the +1 leather armour "Jelup" {Str+3 Int+3} (You
                  | bought it in a shop in a bazaar)
 28192 | Shoals:3 | Found Lac Lugi's Distillery.
 28490 | Shoals:3 | Found Pali's Antique Weapon Shoppe.
 28528 | Shoals:3 | Found Athratob's Weapon Emporium.
 28672 | Shoals:3 | Found a corrupted altar of Lugonu.
 28676 | Shoals:3 | Found a one-way gate to the infinite horrors of the Abyss.
 29069 | Shoals:3 | Found Avixkual's General Store.
 29143 | Shoals:4 | Entered Level 4 of the Shoals
 29271 | Shoals:4 | Got a faded book
 29295 | Shoals:4 | Identified the +0 chain mail "Ewuog" {Str+3}
 29371 | Shoals:4 | Identified the +1 dagger of Action {flame, rN+ Will+}
 29376 | Shoals:4 | Got a barnacled rune of Zot
 29590 | Shoals:4 | Found a stormy altar of Qazlal.
 29893 | Shoals:4 | Identified the staff "Camuekh" {Fly rF+ MP+9 SInv Fire}
 30495 | Vaults:1 | Entered Level 1 of the Vaults
 30764 | Vaults:1 | Reached XP level 20. HP: 151/151 MP: 27/27
 30988 | Vaults:1 | Reached skill level 10 in Armour
 31480 | Vaults:1 | Found Engifoc's Armour Shop.
 33328 | Vaults:3 | Found a staircase to the Crypt.
 33398 | Vaults:3 | Reached XP level 21. HP: 161/161 MP: 28/28
 33419 | Vaults:3 | Identified the +2 robe of the Shishi {rF+ Int+3}
 34764 | Vaults:4 | Reached skill level 21 in Ranged Weapons
 34989 | Vaults:4 | Noticed an ancient lich
 35005 | Vaults:4 | Killed an ancient lich
 35822 | Snake:4  | Bought a scroll of enchant weapon for 270 gold pieces
 36849 | Depths:1 | Entered Level 1 of the Depths
 36955 | Depths:1 | Reached XP level 22. HP: 171/171 MP: 29/29
 37017 | Depths:1 | Found a one-way gateway to a ziggurat.
 37355 | Depths:1 | Found a gateway to Hell.
 37470 | Depths:1 | Found a one-way gate leading to the halls of Pandemonium.
 37616 | Depths:1 | Reached skill level 22 in Ranged Weapons
 38158 | Depths:2 | Found a shimmering altar of Xom.
 38333 | Depths:2 | Found the +10 zealot's sword {holy, Zealotry, *Rage rN+
                  | EV+3}
 38385 | Depths:2 | Reached skill level 23 in Ranged Weapons
 39376 | Depths:3 | Noticed Mennas
 39397 | Depths:3 | Killed Mennas
 39398 | Depths:3 | Reached skill level 24 in Ranged Weapons
 39620 | Depths:3 | Reached XP level 23. HP: 156/176 MP: 27/30
 39697 | Depths:3 | Found an ancient bone altar of Kikubaaqudgha.
 39775 | Depths:3 | Found Houpagugg's Demolitions Depot.
 40294 | Depths:3 | Got a loosely-bound book
 40383 | Depths:3 | Noticed an ancient lich
 40389 | Depths:3 | Killed an ancient lich
 40412 | Depths:3 | Identified the ring of Biugadel {Wiz rC+ SInv}
 40789 | Depths:4 | Entered Level 4 of the Depths
 40885 | Depths:4 | Reached skill level 25 in Ranged Weapons
 41109 | Depths:4 | Found a gate to the Realm of Zot.
 41137 | Depths:4 | Found an opulent altar of Gozag.
 41137 | Depths:4 | Found Gozag's Platinum Reserve.
 41161 | Depths:4 | Noticed a juggernaut
 41185 | Depths:4 | Killed a juggernaut
 41770 | Depths:4 | Reached skill level 26 in Ranged Weapons
 42555 | Snake:4  | Bought a ring of positive energy for 280 gold pieces
 42752 | Elf:1    | Entered Level 1 of the Elven Halls
 43033 | Elf:1    | Got an ancient book
 43041 | Elf:1    | Reached XP level 24. HP: 183/183 MP: 30/30
 43082 | Elf:1    | Found Xoqent's Book Emporium.
 43317 | Elf:1    | Found Fygefi's General Store.
 43322 | Elf:1    | Found Dunaxagu's General Store.
 43350 | Elf:1    | Bought a scroll of fear for 76 gold pieces
 43379 | Elf:1    | Bought a scroll of poison for 52 gold pieces
 43810 | Elf:2    | Found a runed translucent door.
 43896 | Elf:2    | Found Biokk's Magic Scroll Emporium.
 43910 | Elf:2    | Bought a scroll of immolation for 72 gold pieces
 43973 | Elf:2    | Found a runed translucent gate.
 43977 | Elf:2    | Found a runed translucent gate.
 43977 | Elf:2    | Found a runed translucent gate.
 44618 | Elf:3    | Entered Level 3 of the Elven Halls
 44835 | Elf:3    | Found Daubroyf's General Store.
 45196 | Elf:3    | Reached skill level 27 in Ranged Weapons
 45516 | Elf:3    | Reached skill level 15 in Dodging
 45516 | Elf:3    | Identified the +9 hand axe of Subterfuge {antimagic, rN+}
 45606 | Elf:3    | Got an exquisite book
 46024 | Depths:3 | Voluntarily entered the Abyss.
 46035 | Abyss:3  | Found a transporter.
 46041 | Abyss:3  | Found a corrupted altar of Lugonu.
 46292 | Abyss:3  | Found a corrupted altar of Lugonu.
 46306 | Abyss:3  | Found a corrupted altar of Lugonu.
 46381 | Abyss:3  | Found a corrupted altar of Lugonu.
 46587 | Abyss:3  | Reached XP level 25. HP: 192/192 MP: 30/30
 46612 | Abyss:3  | Reached skill level 1 in Translocations
 46918 | Abyss:4  | Found a corrupted altar of Lugonu.
 46993 | Abyss:4  | Got an abyssal rune of Zot
 47008 | Depths:3 | Escaped the Abyss
 47196 | Zot:1    | Entered Level 1 of the Realm of Zot
 47509 | Zot:2    | Noticed a Killer Klown
 47869 | Zot:1    | Reached skill level 5 in Translocations
 48085 | Zot:1    | Found a transporter.
 48096 | Zot:1    | Found a transporter.
 48097 | Zot:1    | Found a bloodstained altar of Trog.
 48097 | Zot:1    | Noticed Plog's ghost (legendary FoHu)
 48108 | Zot:1    | Learned a level 4 spell: Passage of Golubria
 48113 | Zot:1    | Identified the +1 cloak of the Other Side {rC+ Dex+3}
 48114 | Zot:1    | Identified the -1 cloak of Starshine {Str+2 Int-2 Dex+3}
 48470 | Zot:2    | Noticed an orb of fire
 48473 | Zot:2    | Gained mutation: You are weak. (Str -2) [an orb of fire]
 48475 | Zot:2    | Gained mutation: Your magical capacity is low. (-10% MP)
                  | [an orb of fire]
 49086 | Zot:2    | Killed an orb of fire
 49232 | Zot:2    | Killed a Killer Klown
 49236 | Zot:2    | Noticed a curse toe
 49244 | Zot:2    | Killed a curse toe
 49251 | Zot:2    | Reached XP level 26. HP: 160/203 MP: 27/27
 51011 | Zot:3    | Found the +4 dragonskin cloak
 51011 | Zot:3    | Noticed Tiamat
 51419 | Zot:3    | Noticed a curse toe
 52393 | Zot:4    | Reached XP level 27. HP: 212/212 MP: 27/27
 52790 | Zot:4    | Found a runed translucent gate.
 52792 | Zot:4    | Found a runed translucent gate.
 52792 | Zot:4    | Found an opulent altar of Gozag.
 52792 | Zot:4    | Noticed an orb of fire
 52793 | Zot:4    | Found a runed translucent gate.
 52793 | Zot:4    | Found Zuraxe's Assorted Antiques.
 52793 | Zot:4    | Found Jekhitav's Assorted Antiques.
 52793 | Zot:4    | Noticed BarneyGumball's ghost (veteran MfGl)
 52826 | Zot:5    | Entered Level 5 of the Realm of Zot
 53023 | Zot:5    | Reached skill level 10 in Translocations
 53420 | Zot:5    | Noticed an orb of fire
 53421 | Zot:5    | Gained mutation: Your body sometimes deteriorates upon
                  | taking damage. [an orb of fire]
 53424 | Zot:5    | Noticed an ancient lich
 53427 | Zot:5    | Noticed an orb of fire
 53427 | Zot:5    | Gained mutation: You occasionally shout uncontrollably at
                  | your foes. [an orb of fire]
 53429 | Zot:5    | Gained mutation: You are clumsy. (Dex -2) [an orb of fire]
 53437 | Zot:5    | Killed an orb of fire
 53438 | Zot:5    | Noticed a Killer Klown
 53442 | Zot:5    | Noticed a Killer Klown
 53444 | Zot:5    | Killed an ancient lich
 53447 | Zot:5    | Gained mutation: You are dopey. (Int -2) [mutagenic glow]
 53448 | Zot:5    | Killed a Killer Klown
 53448 | Zot:5    | Gained mutation: Armour fits poorly on your strangely
                  | shaped body. [an orb of fire]
 53449 | Zot:5    | Killed a Killer Klown
 53450 | Zot:5    | Killed an orb of fire
 53465 | Zot:5    | Gained mutation: Your magical capacity is very low. (-20%
                  | MP) [mutagenic glow]
 53755 | Zot:5    | Lost mutation: You are weak. (Str -2) [potion of mutation]
 53755 | Zot:5    | Lost mutation: Your body sometimes deteriorates upon taking
                  | damage. [potion of mutation]
 53755 | Zot:5    | Gained mutation: Your spells are a little harder to cast,
                  | but a little more powerful. [potion of mutation]
 53755 | Zot:5    | Gained mutation: You passively dampen the noise of your
                  | surroundings. [potion of mutation]
 53756 | Zot:5    | Lost mutation: Your magical capacity is very low. (-20% MP)
                  | [potion of mutation]
 53756 | Zot:5    | Lost mutation: You passively dampen the noise of your
                  | surroundings. [potion of mutation]
 53757 | Zot:5    | Lost mutation: You are dopey. (Int -2) [potion of mutation]
 53757 | Zot:5    | Lost mutation: You occasionally shout uncontrollably at
                  | your foes. [potion of mutation]
 53757 | Zot:5    | Gained mutation: Potions are less effective at restoring
                  | your health. [potion of mutation]
 53757 | Zot:5    | Gained mutation: You have hidden genetic defects. [potion
                  | of mutation]
 53758 | Zot:5    | Lost mutation: Your spells are a little harder to cast, but
                  | a little more powerful. [potion of mutation]
 53758 | Zot:5    | Lost mutation: You are clumsy. (Dex -2) [potion of
                  | mutation]
 53758 | Zot:5    | Lost mutation: Your magical capacity is low. (-10% MP)
                  | [potion of mutation]
 53758 | Zot:5    | Gained mutation: You are robust. (+10% HP) [potion of
                  | mutation]
 53758 | Zot:5    | Gained mutation: You are partially covered in large bone
                  | plates. (SH +4) [potion of mutation]
 53863 | Zot:5    | Noticed a Killer Klown
 53898 | Zot:5    | Killed a Killer Klown
 53937 | Zot:5    | Noticed a Killer Klown
 53955 | Zot:5    | Killed a Killer Klown
 54076 | Zot:5    | Noticed a Killer Klown
 54081 | Zot:5    | Noticed a dread lich
 54083 | Zot:5    | Noticed an orb of fire
 54084 | Zot:5    | Noticed a Killer Klown
 54087 | Zot:5    | Killed a dread lich
 54097 | Zot:5    | Killed an orb of fire
 54098 | Zot:5    | Killed a Killer Klown
 54100 | Zot:5    | Gained mutation: You are vulnerable to cold. (rC-) [hidden
                  | defects]
 54108 | Zot:5    | Noticed an orb of fire
 54118 | Zot:5    | Killed an orb of fire
 54124 | Zot:5    | Killed a Killer Klown
 54248 | Zot:5    | Noticed an ancient lich
 54253 | Zot:5    | Killed an ancient lich
 54489 | Zot:5    | Got the Orb of Zot
 54946 | D:15     | Gained mutation: You occasionally shout uncontrollably at
                  | your foes. [hidden defects]
 54946 | D:15     | Lost mutation: You have hidden genetic defects. [hidden
                  | defects expressed]
 54947 | D:15     | Lost mutation: You are partially covered in large bone
                  | plates. (SH +4) [potion of mutation]
 54947 | D:15     | Lost mutation: You are robust. (+10% HP) [potion of
                  | mutation]
 54947 | D:15     | Gained mutation: You are resistant to electric shocks.
                  | (rElec) [potion of mutation]
 55025 | D:12     | Noticed Unnos the pandemonium lord
 55144 | D:6      | Upgraded the game from 0.31-a0-795-g5eb97db to
                  | 0.31-a0-797-g356b232
 55196 | D:3      | Noticed Xoazeo the pandemonium lord
 55209 | D:3      | Killed Xoazeo the pandemonium lord
 55313 | D:$      | Escaped with the Orb!

Illustrated notes

Levels and vault maps discovered:
D:1:      dpeg_arrival_rooms_b, layout_loops_ring, minmay_three_crescents
D:2:      layout_basic
D:3:      layout_rooms, lightli_temple_of_fire, serial_shops,
          nicolae_shop_rolling_square
D:4:      layout_basic, nicolae_shop_i_like_small_books_too
D:5:      layout_basic, tso_altar, temple_green, nicolae_letterblocks
          [nicolae_letter_subblock, nicolae_letter_subblock,
          nicolae_letter_subblock, nicolae_letter_subblock,
          nicolae_letter_subblock, nicolae_letter_subblock,
          nicolae_letter_subblock, nicolae_letter_subblock,
          nicolae_letter_subblock, nicolae_letter_subblock,
          nicolae_letter_subblock, nicolae_letter_subblock,
          nicolae_letter_subblock, nicolae_letter_subblock,
          nicolae_letter_subblock, nicolae_letter_subblock,
          nicolae_letter_subblock, nicolae_letter_subblock,
          nicolae_letter_subblock, nicolae_letter_subblock,
          nicolae_letter_subblock, nicolae_letter_subblock,
          nicolae_letter_subblock, nicolae_letter_subblock,
          nicolae_letter_subblock], uniq_prince_ribbit1
D:6:      cheibrodos_helix_gallery, layout_loops_corners,
          nicolae_overflow_hallway_of_the_gods, ashenzari_conservatory_becter,
          uniq_blork_the_orc
D:7:      layout_cave_pods, serial_rivers, chequers_serial_rivers_large_a,
          chequers_serial_rivers_marsh, chequers_serial_rivers_micro_d,
          chequers_serial_rivers_marsh
D:8:      layout_rooms, enter_bailey_3, uniq_grum
D:9:      hangedman_cross_cluster, layout_rooms, zin_treasury, orc_0_dummy,
          minmay_misc_feat_tower
D:10:     layout_basic, nzn_overflow_gifts_of_might_and_magic,
          gammafunk_ghost_necromancy, dreamdust_princess_corridor,
          hellmonk_guarded_unrand_salamander
D:11:     minmay_chopped_fan, layout_basic
D:12:     layout_roguey, gammafunk_ghost_grave, minivault_16
D:13:     lemuel_ice_spiral_2, layout_basic, kennysheep_generic_room_3
D:14:     layout_cave_pools, grunt_vaults_entry_fortified,
          hangedman_decor_opposing, serial_park, serial_park_fountain,
          serial_park_tiny_pond, serial_park_square1
          [serial_park_minivault_5x5_3], serial_park_tiny_1, serial_park_square3
          [serial_park_minivault_5x5_1], uniq_kirke, uniq_josephine, uniq_nessos
D:15:     hellmonk_depths_entry_around_the_bend, layout_rooms,
          nicolae_qazlal_style_of_elements,
          hangedman_abyss_or_decor_jellyfish_corner, minivault_26
Temple:   nicolae_temple_two_arcs
Lair:1:   layout_long_grid, dreamdust_deal_with_the_devil, patterned_corridor,
          grunt_megastairs_1, serial_bayou_shore_b, infiniplex_staircase_pool_2,
          serial_bayou_shore_b
Lair:2:   layout_hall_layers, nicolae_shoals_entry_roost,
          minmay_snake_entry_six_corridors, lemuel_fruit_fields,
          lemuel_fruit_fields
Lair:3:   layout_regular_city, uniq_gastronok
Lair:4:   dreamdust_cave_troll, layout_gridlike, wad_woods_road_01,
          forest_entry_grove, serial_bayou_shore_b
Lair:5:   minmay_lair_end_frog_pond, layout_gridlike,
          minmay_slime_entry_pillars, gammafunk_ghost_cemetery
Shoals:1: layout_shoals, ebering_ghost_reflecting_pool, uniq_nikola, uniq_donald
Shoals:2: layout_shoals, serial_shops, bzr_firewalk
Shoals:3: layout_shoals, serial_shops, shop, nicolae_lakefront_shop, shop, shop,
          nicolae_shoals_square_sea_wall, amcnicky_altar_lugonu_corruption
Shoals:4: shoals_end_hellmonk_storm_palace [storm_palace_center_ruins,
          storm_palace_corner_grid, storm_palace_corner_altar,
          storm_palace_corner_reverse_hut, storm_palace_corner_grid]
Snake:1:  layout_basic, uniq_aizul
Snake:2:  layout_misc_corridors, nicolae_snake_gridmaze_waves
Snake:3:  gammafunk_sealed_arena, layout_chambers, serial_shops, shop_fountains,
          basic_altar, serial_bayou_shore_a
Snake:4:  grunt_snake_rune_pools, layout_misc_corridors,
          nicolae_snake_serpentine_bazaar, uniq_mlioglotl
Orc:1:    cheibrodos_orc_guarddog, layout_caves, basic_altar
Orc:2:    st_orc_town, layout_diamond_mine, serial_shops, nicolae_shop_rolled_up
Elf:1:    eino_elf_arrival_shootout, layout_loops_corners, serial_shops, shop,
          minmay_elf_annihilation, minmay_shop_star
Elf:2:    nicolae_elf_blades_crystal_corner, layout_geoelf_octagon,
          serial_shops, nicolae_shop_tiny_waterfront, nicolae_danse_macabre
Elf:3:    elf_hall, layout_geoelf_diagonals, serial_shops,
          nicolae_shop_temple_entry_statues_fountains, grunt_megastairs_4
Vaults:1: ontoclasm_vaults_twist, ontoclasm_vaults_hangar,
          nicolae_vaults_border_crossing, v_misc_13,
          ontoclasm_vaults_misaligned, v_rooms_3, nicolae_vaults_triangles,
          v_misc_1, v_misc_13, vaults_room_grunt_arrival_ludios,
          vaults_room_semicircle, nicolae_vaults_security_offices_6,
          nicolae_vaults_house_1, nicolae_vaults_tangram_1,
          nicolae_vaults_taking_the_gang_shopping,
          nicolae_vaults_little_squares_6, nicolae_vaults_double_plus_2,
          layout_vaults_maze_snakey
Vaults:2: grunt_vaults_funnel, v_misc_19, vaults_dpeg_emergency_exit,
          nicolae_vaults_spaceships, nicolae_vaults_apartment_1,
          ontoclasm_vaults_idyll, dpeg_vaults_monster_box,
          grunt_vaults_diagonal, nicolae_vaults_variable_pillar_hall,
          layout_vaults_chaotic_city
Vaults:3: nicolae_vaults_swerve, st_cells, nicolae_vaults_house_3,
          nicolae_vaults_cochlea, minmay_crypt_entry_vampire_xt,
          vaults_room_large_hall, nicolae_vaults_heart-shaped_vault,
          vaults_dpeg_ring, vaults_dpeg_encased_lava, vaults_mumra_lcd,
          nicolae_vaults_trapezoid_lopsided_1, layout_vaults_quadrants
Vaults:4: vaults_room_grid, nicolae_vaults_yaktaur_gun_rack, v_misc_31,
          v_misc_4, vaults_standard_mumra_x, v_rooms_6, nicolae_vaults_asterisk,
          v_misc_17, v_alt_pattern_2, v_misc_23,
          ontoclasm_vaults_claustrophobia, nicolae_vaults_security_offices_3,
          nicolae_vaults_tetromino_Z_2, nicolae_vaults_little_squares_4,
          nicolae_vaults_tetromino_L_1, layout_vaults_ring, serial_shops
Depths:1: layout_cave_shapes, enter_ziggurat_e, rand_demon_pan_entry_3,
          minmay_misc_feat_five, hell_entry, hangedman_abyss_or_decor_stagger,
          nooodl_orcs_dogs, grunt_megastairs_2
Depths:2: minmay_the_grid_four_pointed_star
          [minmay_the_grid_triangle_9x9_warning,
          minmay_the_grid_triangle_9x9_empty,
          minmay_the_grid_triangle_9x9_skeleton,
          minmay_the_grid_triangle_9x9_cache,
          minmay_the_grid_prize_four_corners_diamond_b], layout_basic,
          chequers_serial_rivers_room_a, hell_entry, rand_demon_pan_entry_1,
          xom_teletrap_fun, serial_bayou_shore_b
Depths:3: constructs_gauntlet_mu_hangedman, layout_basic, abyss_entry_crystal,
          pf_coc_iceberg, rand_demon_pan_entry_9, nicolae_blasting_shop,
          kiku_gazebo_pond_becter, uniq_mennas
Depths:4: grunt_x_marks_the_spot, layout_gridville, pf_hell_entry_tar_spiral,
          nicolae_gozag_zags_fifth_avenue, grunt_ministairs_9
Zot:1:    layout_misc_corridors, gammafunk_ghost_wrathful_warriors
Zot:2:    layout_onion_interference
Zot:3:    layout_cathedral_of_symmetry, uniq_tiamat
Zot:4:    layout_basic, ebering_ghost_gozag
Zot:5:    layout_basic

Skill      XL: |  1  2  3  4  5  6  7  8  9 10 11 12 13 14 15 16 17 18 19 20 21 22 23 24 25 26 27 |
---------------+----------------------------------------------------------------------------------+-----
Stealth        | 1 2 3 4 |  4.0
Ranged Weapons | 3 4 6 7 10 12 15 16 17 18 20 21 24 26 27 | 27.0
Armour         | 2 3 6 9 10 | 10.0
Dodging        | 2 3 6 7 9 10 11 12 14 15 16 17 19 | 19.7
Invocations    | 4 10 | 10.0
Evocations     | 4 5 9 10 | 10.0
Fighting       | 4 7 10 11 13 15 16 17 18 20 21 22 23 25 | 25.4
Shields        | 4 8 10 12 15 16 | 16.0
Earth Magic    | 4 |  4.0
Transmutations | 4 |  4.0
Translocations | 6 9 11 | 11.0
Spellcasting   | |  1.1
Hexes          | |  3.6
Fire Magic     | |  1.0

Action                     |  1- 3 |  4- 6 |  7- 9 | 10-12 | 13-15 | 16-18 | 19-21 | 22-24 | 25-27 || total
---------------------------+-------+-------+-------+-------+-------+-------+-------+-------+-------++-------
  Melee: Sling             |       |     1 |       |       |       |       |       |       |       ||     1
   Fire: Sling             |    64 |   244 |   139 |       |       |       |       |       |       ||   447
         Orcbow            |       |       |   156 |   606 |   461 |       |       |       |       ||  1223
         Longbow           |       |       |       |       |   542 |  1108 |  1184 |   400 |       ||  3234
         Triple crossbow   |       |       |       |       |       |       |       |   674 |   947 ||  1621
 Invoke: Ancestor Identity |       |       |     1 |       |       |       |       |       |       ||     1
         Recall Ancestor   |       |       |     4 |     8 |    11 |    10 |     8 |     3 |    16 ||    60
         Ancestor Life: Kn |       |       |     1 |       |       |       |       |       |       ||     1
         Idealise          |       |       |       |     2 |     3 |    10 |    13 |     5 |    14 ||    47
         Transference      |       |       |       |       |       |       |       |       |     4 ||     4
Ability: Dig               |       |     1 |       |       |       |     1 |       |       |       ||     2
         Shaft Self        |       |       |     1 |     1 |       |       |       |       |       ||     2
  Evoke: Wand              |       |     2 |       |       |       |       |       |       |     1 ||     3
         Box of beasts     |       |       |       |       |     1 |     1 |       |       |     1 ||     3
         Phial of floods   |       |       |       |       |       |     1 |       |       |       ||     1
         Phantom mirror    |       |       |       |       |       |       |       |       |     2 ||     2
    Use: Scroll            |       |     1 |     8 |    12 |    11 |     7 |    14 |     6 |     8 ||    67
         Potion            |       |       |     2 |     1 |       |     4 |       |     5 |    25 ||    37
 Armour: Robe              |     2 |       |       |       |       |    23 |       |       |       ||    25
         Ring mail         |     5 |    50 |   108 |    11 |       |       |       |       |       ||   174
         Skin              |       |       |    15 |       |       |       |       |       |       ||    15
         Troll leather arm |       |       |       |    51 |    90 |    34 |       |       |       ||   175
         Leather armour    |       |       |       |       |       |    50 |    85 |   158 |   232 ||   525
  Dodge: Dodged            |    12 |   125 |   144 |    65 |   144 |   169 |   160 |   143 |   194 ||  1156
  Block: Buckler           |       |       |       |       |    48 |    35 |       |       |       ||    83
         Kite shield       |       |       |       |       |       |    81 |   126 |   123 |   219 ||   549
         Reflection        |       |       |       |       |       |       |       |     1 |    12 ||    13

Table legend: (Time is in decaauts)
 A = Elapsed time spent in this place.
 B = Non-inter-level travel time spent in this place.
 C = Inter-level travel time spent in this place.
 D = Time resting spent in this place.
 E = Time spent auto-exploring this place.
 F = Levels seen in this place.
 G = Mean time per level.
                   A        B        C        D        E       F      G
               +--------+--------+--------+--------+--------+-----+--------+
         Total |  54972 |  47781 |   7191 |   6466 |  22877 |  52 | 1057.2 |
       Dungeon |  15669 |  12706 |   2963 |   1291 |   5553 |  15 | 1044.6 |
        Temple |     20 |      1 |     19 |      0 |      0 |   1 |   20.0 |
          Lair |   5432 |   4696 |    736 |     96 |   3255 |   5 | 1086.4 |
        Shoals |   3458 |   3317 |    141 |    591 |   1394 |   4 |  864.5 |
     Snake Pit |   5205 |   4084 |   1121 |    461 |   1835 |   4 | 1301.2 |
  Orcish Mines |   1936 |   1618 |    318 |     15 |    930 |   2 |  968.0 |
   Elven Halls |   3066 |   2693 |    373 |    143 |   1204 |   3 | 1022.0 |
        Vaults |   5600 |   5064 |    536 |    221 |   3417 |   4 | 1400.0 |
        Depths |   5868 |   5296 |    572 |    741 |   3085 |   4 | 1467.0 |
           Zot |   7666 |   7256 |    410 |   2644 |   2203 |   5 | 1533.2 |
         Abyss |   1036 |   1036 |      0 |    263 |      0 |   4 |  259.0 |
        Bazaar |     11 |     11 |      0 |      0 |      0 |   1 |   11.0 |
               +--------+--------+--------+--------+--------+-----+--------+

Top non-repeatable levels by time:
Depths:3: 1929 daAuts
     D:7: 1908 daAuts
   Zot:1: 1875 daAuts
   Zot:5: 1745 daAuts
    D:13: 1569 daAuts
     D:6: 1540 daAuts
   Zot:2: 1530 daAuts
     D:9: 1520 daAuts
Vaults:3: 1518 daAuts
Depths:4: 1508 daAuts
   Zot:3: 1489 daAuts
 Snake:3: 1475 daAuts
Vaults:2: 1451 daAuts
 Snake:1: 1366 daAuts
Vaults:4: 1336 daAuts
